Sewer Rats vs Rampage
(R3)
Created - April 11, 2021 at 20:57
Goals
|
| Sewer Rats |
0 |
2 |
1 |
3 |
| Rampage |
2 |
3 |
2 |
7 |
|
Shots
|
| Sewer Rats |
3 |
17 |
11 |
31 |
| Rampage |
12 |
18 |
8 |
38 |
|
1st period
1. Rampage , Michael Stone 9 (Martin Hanzal 56, Lawson Crouse 17) at 2:52 (PP)
2. Rampage , Alexandre Grenier 41 (Jamie Oleksiak 32, Martin Hanzal 57) at 8:57
Penalties :
Ryan Murphy (Tol) for Slashing (Minor) at 2:39, Stefan Elliott (Tol) for Hooking (Minor) at 9:31, Jamie Oleksiak (San) for Hooking (Minor) at 18:46
2nd period
3. Rampage , Lawson Crouse 26 (Alexandre Grenier 54, Martin Hanzal 58) at 4:58
4. Sewer Rats , Vincent Trocheck 38 (Daniel Carr 53, Stefan Elliott 26) at 5:49 (PP)
5. Rampage , Lawson Crouse 27 (Alexandre Grenier 55, Martin Hanzal 59) at 8:25
6. Sewer Rats , Daniel Carr 35 (Vincent Trocheck 64, Mark Mancari 45) at 16:06
7. Rampage , Lawson Crouse 28 (Martin Hanzal 60, Alexandre Grenier 56) at 19:28 (PP)
Penalties :
Daniel Carr (Tol) for Interference (Minor) at 0:05, Martin Hanzal (San) for Tripping (Minor) at 5:14, Eric Robinson (San) for Roughing (Minor) at 9:44, Mark Mancari (Tol) for Roughing (Minor) at 19:18
3rd period
8. Rampage , Kyle Rau 39 (Max Friberg 41, Jakub Zboril 8) at 2:07
9. Rampage , Max Friberg 50 (Kyle Rau 39) at 2:39
10. Sewer Rats , Dmitrij Jaskin 7 (Anthony Duclair 15) at 7:08
Penalties :
Mark Mancari (Tol) for Hooking (Minor) at 3:54, Martin Hanzal (San) for Holding (Minor) at 7:11, Michael Stone (San) for Fighting (Major) at 10:56, Drake Caggiula (Tol) for Fighting (Major) at 10:56, Fredrik Olofsson (San) for Interference (Minor) at 12:08, Mark Mancari (Tol) for Roughing (Minor) at 19:41
Goalie Stats
Marek Mazanek (Tol), 31 saves from 38 shots - (0.816), L, 17-20-2, 60:00 minutes
Ebbe Siönäs (San), 28 saves from 31 shots - (0.903), W, 12-7-1, 60:00 minutes
Players Stats for Sewer Rats
Player Name G A P +/- PIM S H SB GA TA FO MP PP MP PK MP
------------------------------------------------------------------------------------
Anthony Duclair 0 1 1 0 0 3 3 1 0 0 0/0 11:40 0:00 0:00
Connor Carrick 0 0 0 0 0 0 0 0 0 0 0/0 10:36 0:00 0:53
Daniel Carr 1 1 2 0 2 4 1 3 1 0 0/0 21:00 4:36 1:44
Dmitrij Jaskin 1 0 1 0 0 2 1 0 1 0 0/0 12:02 0:02 0:00
Drake Caggiula 0 0 0 -1 5 0 0 0 0 0 1/6 13:17 0:02 2:42
Jared McCann 0 0 0 1 0 0 0 0 0 0 0/0 3:15 0:02 0:09
Jarred Tinordi 0 0 0 -1 0 0 1 0 0 1 0/0 18:26 3:15 1:53
Joel Edmundson 0 0 0 -2 0 2 2 2 0 1 0/0 25:30 4:36 3:59
John Ramage 0 0 0 0 0 0 1 0 0 0 0/0 11:28 3:15 1:53
Jonathan Marchessault 0 0 0 -2 0 3 1 0 0 1 3/12 19:36 3:12 1:12
Joseph Blandisi 0 0 0 -2 0 1 2 2 1 0 0/0 19:29 3:12 1:05
Mark Mancari 0 1 1 -1 6 4 2 0 0 1 1/2 23:57 4:37 1:36
Nick Cousins 0 0 0 -2 0 1 0 0 0 2 0/1 19:03 3:12 0:00
Ryan Murphy 0 0 0 0 2 0 0 1 0 0 0/0 10:18 0:00 0:00
Stefan Elliott 0 1 1 -2 2 1 0 2 2 1 0/0 25:02 4:36 2:44
Thomas Chabot 0 0 0 -1 0 2 1 1 1 1 0/0 18:44 0:00 0:34
Vincent Trocheck 1 1 2 -1 0 8 4 0 0 1 18/41 25:29 4:37 3:05
Xavier Ouellet 0 0 0 0 0 0 0 0 0 0 0/0 0:00 0:00 0:00
Zach Aston-Reese 0 0 0 -1 0 0 0 0 0 1 2/2 4:23 0:00 0:23
Players Stats for Rampage
Player Name G A P +/- PIM S H SB GA TA FO MP PP MP PK MP
------------------------------------------------------------------------------------
Alexandre Grenier 1 3 4 3 0 6 1 1 3 0 2/4 24:16 3:22 4:23
Anton Karlsson 0 0 0 0 0 1 0 0 0 0 0/0 9:25 0:00 0:00
Anton Lindholm 0 0 0 0 0 0 2 0 0 1 0/0 13:25 0:36 0:00
Damon Severson 0 0 0 0 0 3 0 1 1 0 0/0 20:46 2:29 3:28
Eric Robinson 0 0 0 2 2 1 1 1 1 0 0/0 14:52 1:54 0:17
Fredrik Olofsson 0 0 0 -2 2 1 1 0 0 0 0/0 8:15 0:00 0:00
Jakub Zboril 0 1 1 0 0 0 0 1 0 1 0/0 12:34 0:00 1:48
Jamie Oleksiak 0 1 1 3 2 4 2 0 2 0 0/0 26:48 3:35 3:18
Jeffrey Foss 0 0 0 0 0 1 1 1 0 0 0/0 20:46 2:29 3:28
Kyle Rau 1 1 2 2 0 3 0 1 0 0 9/10 17:02 2:36 1:38
Lawson Crouse 3 1 4 3 0 3 1 0 0 0 1/4 19:50 3:12 1:53
Martin Hanzal 0 5 5 3 4 4 7 0 1 0 20/32 22:37 3:22 2:46
Matthew Highmore 0 0 0 -2 0 0 0 0 0 0 2/4 7:27 0:00 0:00
Max Friberg 1 1 2 2 0 5 3 0 0 2 1/1 16:39 2:36 1:15
Michael Stone 1 0 1 3 5 1 2 2 0 2 0/0 26:21 3:29 3:40
Sebastian Aho 0 0 0 0 0 0 1 1 0 0 2/5 10:45 0:10 1:07
Thomas Spelling 0 0 0 0 0 4 0 0 0 0 0/0 9:25 0:00 0:00
Victor Olofsson 0 0 0 -2 0 1 1 0 2 0 2/4 10:10 0:00 2:23
3 Stars
1 - Lawson Crouse (San)
2 - Alexandre Grenier (San)
3 - Martin Hanzal (San)
Power Play
Sewer Rats - 1 on 5 Attempt(s) - 20.00%
Rampage - 2 on 6 Attempt(s) - 33.33%
Penalty Kill
Sewer Rats - 4 on 6 Attempt(s) - 66.67%
- Score 0 goal in Penalty Kill
Rampage - 4 on 5 Attempt(s) - 80.00%
- Score 0 goal in Penalty Kill
Team Stat
Sewer Rats - Hits : 19 - Faceoff Wins : 25 - Blocked Shots : 12 - Penalty Minutes : 17
Rampage - Hits : 23 - Faceoff Wins : 39 - Blocked Shots : 9 - Penalty Minutes : 15
Official
Referees : Unknown
Linesman : Unknown
Game Notes
Lawson Crouse has scored a Hat Trick!
Drake Caggiula beats up Michael Stone at 10:56 of 3rd period
Finance
Level 1 -- Attendance: 1437 (71.85%) -- Ticket Income $57,480
Level 2 -- Attendance: 751 (75.10%) -- Ticket Income $15,020
Total Attendance: 2188 (72.93%)
Total Ticket Income: $72,500
Other Income: $3,625
Total Income: $76,125
Sewer Rats
5 vs 5 Forward
Center Left Wing Right Wing Time % Phy DF OF
1 Vincent Trocheck Daniel Carr Mark Mancari 40 1 2 2
2 Jonathan Marchessault Joseph Blandisi Nick Cousins 30 1 2 2
3 Drake Caggiula Anthony Duclair Dmitrij Jaskin 20 1 2 2
4 Zach Aston-Reese Vincent Trocheck Mark Mancari 10 1 2 2
5 vs 5 Defense
Defense Defense Time % Phy DF OF
1 Stefan Elliott Joel Edmundson 35 1 2 2
2 Jarred Tinordi Thomas Chabot 30 1 2 2
3 Ryan Murphy Connor Carrick 20 1 2 2
4 Thomas Chabot John Ramage 15 1 2 2
PowerPlay Forward
Center Left Wing Right Wing Time % Phy DF OF
1 Vincent Trocheck Daniel Carr Mark Mancari 60 1 2 2
2 Jonathan Marchessault Joseph Blandisi Nick Cousins 40 1 2 2
PowerPlay Defense
Defense Defense Time % Phy DF OF
1 Stefan Elliott Joel Edmundson 60 1 2 2
2 Jarred Tinordi John Ramage 40 1 2 2
Penalty Kill 4 Players Forward
Center Wing Time % Phy DF OF
1 Vincent Trocheck Mark Mancari 60 1 2 2
2 Daniel Carr Jonathan Marchessault 40 1 2 2
Penalty Kill 4 Players Defense
Defense Defense Time % Phy DF OF
1 Stefan Elliott Joel Edmundson 60 1 2 2
2 Jarred Tinordi John Ramage 40 1 2 2
Penalty Kill - 3 Players Forward
Forward Time % Phy DF OF
1 Vincent Trocheck 60 1 2 2
2 Mark Mancari 40 1 2 2
Penalty Kill - 3 Players Defense
Defense Defense Time % Phy DF OF
1 Stefan Elliott Joel Edmundson 60 1 2 2
2 Jarred Tinordi John Ramage 40 1 2 2
4 vs 4 Forward
Center Wing Time % Phy DF OF
1 Vincent Trocheck Mark Mancari 60 1 2 2
2 Daniel Carr Jonathan Marchessault 40 1 2 2
4 vs 4 Defense
Defense Defense Time % Phy DF OF
1 Stefan Elliott Joel Edmundson 60 1 2 2
2 Jarred Tinordi John Ramage 40 1 2 2
Last Minutes Offensive
Center Left Wing Right Wing Defense Defense
Vincent Trocheck Daniel Carr Mark Mancari Stefan Elliott Joel Edmundson
Last Minutes Defensive
Center Left Wing Right Wing Defense Defense
Vincent Trocheck Daniel Carr Mark Mancari Stefan Elliott Joel Edmundson
Goaltenders
Starting : Marek Mazanek
Backup : Darcy Kuemper
Extra Forwards
Normal : Jared McCann, Dmitrij Jaskin, Drake Caggiula - PP : Jared McCann, Dmitrij Jaskin - PK : Drake Caggiula
Extra Defensemen
Normal : Ryan Murphy, Connor Carrick, Thomas Chabot - PP : Ryan Murphy - PK : Connor Carrick, Thomas Chabot
Penalty Shots
Vincent Trocheck, Mark Mancari, Daniel Carr, Jonathan Marchessault, Nick Cousins
Scratches
Dominik Kubalik (Healthy), Josh Archibald (Healthy), Jonathan Racine (Healthy), Tyler Motte (Healthy), Chris Calhan (Healthy)
Mark Friedman (Healthy), Michael Dal Colle (Healthy), Matteson Iacopelli (Healthy), Adin Hill (Healthy), Antoine Bibeau (Healthy)
Rampage
5 vs 5 Forward
Center Left Wing Right Wing Time % Phy DF OF
1 Martin Hanzal Lawson Crouse Alexandre Grenier 40 1 2 2
2 Kyle Rau Eric Robinson Max Friberg 30 1 2 2
3 Sebastian Aho Anton Karlsson Thomas Spelling 20 1 2 2
4 Matthew Highmore Fredrik Olofsson Victor Olofsson 10 1 2 2
5 vs 5 Defense
Defense Defense Time % Phy DF OF
1 Jamie Oleksiak Michael Stone 40 1 2 2
2 Damon Severson Jeffrey Foss 30 1 2 2
3 Anton Lindholm Jakub Zboril 20 1 2 2
4 Jamie Oleksiak Michael Stone 10 1 2 2
PowerPlay Forward
Center Left Wing Right Wing Time % Phy DF OF
1 Martin Hanzal Lawson Crouse Alexandre Grenier 60 1 2 2
2 Kyle Rau Eric Robinson Max Friberg 40 1 2 2
PowerPlay Defense
Defense Defense Time % Phy DF OF
1 Jamie Oleksiak Michael Stone 60 1 2 2
2 Damon Severson Jeffrey Foss 40 1 2 2
Penalty Kill 4 Players Forward
Center Wing Time % Phy DF OF
1 Martin Hanzal Alexandre Grenier 60 1 2 2
2 Max Friberg Kyle Rau 40 1 2 2
Penalty Kill 4 Players Defense
Defense Defense Time % Phy DF OF
1 Jamie Oleksiak Michael Stone 60 1 2 2
2 Damon Severson Jeffrey Foss 40 1 2 2
Penalty Kill - 3 Players Forward
Forward Time % Phy DF OF
1 Martin Hanzal 60 1 2 2
2 Alexandre Grenier 40 1 2 2
Penalty Kill - 3 Players Defense
Defense Defense Time % Phy DF OF
1 Jamie Oleksiak Michael Stone 60 1 2 2
2 Damon Severson Jeffrey Foss 40 1 2 2
4 vs 4 Forward
Center Wing Time % Phy DF OF
1 Martin Hanzal Alexandre Grenier 60 1 2 2
2 Max Friberg Kyle Rau 40 1 2 2
4 vs 4 Defense
Defense Defense Time % Phy DF OF
1 Jamie Oleksiak Michael Stone 60 1 2 2
2 Damon Severson Jeffrey Foss 40 1 2 2
Last Minutes Offensive
Center Left Wing Right Wing Defense Defense
Martin Hanzal Lawson Crouse Alexandre Grenier Jamie Oleksiak Michael Stone
Last Minutes Defensive
Center Left Wing Right Wing Defense Defense
Martin Hanzal Lawson Crouse Alexandre Grenier Jamie Oleksiak Michael Stone
Goaltenders
Starting : Ebbe Siönäs
Backup : Laurent Brossoit
Extra Forwards
Normal : Sebastian Aho, Thomas Spelling, Victor Olofsson - PP : Sebastian Aho, Thomas Spelling - PK : Victor Olofsson
Extra Defensemen
Normal : Anton Lindholm, Jakub Zboril, Damon Severson - PP : Anton Lindholm - PK : Jakub Zboril, Damon Severson
Penalty Shots
Martin Hanzal, Alexandre Grenier, Max Friberg, Kyle Rau, Sebastian Aho
Scratches
Joe Morrow (Healthy), Blake Pietila (Healthy), Kevin Stenlund (Healthy), Zachary Senyshyn (Healthy), Austin Wuthrich (Healthy)
Louis Belpedio (Healthy), Cameron Darcy (Healthy), Nolan Vesey (Healthy), Vaclav Karabacek (Healthy), Kyle Pettit (Healthy)
Dylan Sadowy (Healthy)
% Time on Ice - Sewer Rats
Lines # - Real PCT - Wanted PCT - Time Play
Normal Forward
1 - 33% - 40% - 15:06
2 - 33% - 30% - 15:05
3 - 26% - 20% - 11:40
4 - 8% - 10% - 3:40
Normal Defense
1 - 38% - 35% - 17:10
2 - 29% - 30% - 13:11
3 - 21% - 20% - 9:37
4 - 12% - 15% - 5:33
PP Forward
1 - 59% - 60% - 4:39
2 - 41% - 40% - 3:12
PP Defense
1 - 59% - 60% - 4:36
2 - 41% - 40% - 3:15
PK Forward
1 - 80% - 60% - 4:46
2 - 20% - 40% - 1:12
PK Defense
1 - 68% - 60% - 4:05
2 - 32% - 40% - 1:53
PK3 Forward
1 - 0% - 60%
2 - 0% - 40%
PK3 Defense
1 - 0% - 60%
2 - 0% - 40%
44 Forward
1 - 83% - 60% - 0:33
2 - 18% - 40% - 0:07
44 Defense
1 - 83% - 60% - 0:33
2 - 18% - 40% - 0:07
Last Minute Offensive - 0:00
Last Minute Defensive - 0:00
Total
Forward - 60:00
Defense - 60:00
|
% Time on Ice - Rampage
Lines # - Real PCT - Wanted PCT - Time Play
Normal Forward
1 - 35% - 40% - 15:57
2 - 28% - 30% - 12:42
3 - 21% - 20% - 9:25
4 - 16% - 10% - 7:27
Normal Defense
1 - 42% - 40% - 19:12
2 - 33% - 30% - 14:49
3 - 21% - 20% - 9:41
4 - 4% - 10% - 1:49
PP Forward
1 - 56% - 60% - 3:22
2 - 44% - 40% - 2:36
PP Defense
1 - 58% - 60% - 3:29
2 - 42% - 40% - 2:29
PK Forward
1 - 84% - 60% - 6:36
2 - 16% - 40% - 1:15
PK Defense
1 - 56% - 60% - 4:23
2 - 44% - 40% - 3:28
PK3 Forward
1 - 0% - 60%
2 - 0% - 40%
PK3 Defense
1 - 0% - 60%
2 - 0% - 40%
44 Forward
1 - 85% - 60% - 0:34
2 - 15% - 40% - 0:06
44 Defense
1 - 100% - 60% - 0:40
2 - 0% - 40% - 0:00
Last Minute Offensive - 0:00
Last Minute Defensive - 0:00
Total
Forward - 60:00
Defense - 60:00
|
Play-by-Play
1st period
0:01 of 1st period - Vincent Trocheck wins face-off versus Martin Hanzal in neutral zone.
0:26 of 1st period - Jonathan Marchessault is hit by Max Friberg.
1:03 of 1st period - Icing by Connor Carrick.
1:04 of 1st period - Drake Caggiula wins face-off versus Victor Olofsson in Sewer Rats zone.
1:30 of 1st period - Jonathan Marchessault is hit by Lawson Crouse and loses puck.
2:18 of 1st period - Wrist shot by Sebastian Aho.
2:18 of 1st period - Shot Misses the Net.
2:26 of 1st period - Snap shot by Michael Stone.
2:26 of 1st period - Shot Blocked by Daniel Carr.
2:36 of 1st period - Snap shot by Victor Olofsson.
2:36 of 1st period - Deflect By Fredrik Olofsson.
2:36 of 1st period - Stopped by Marek Mazanek without a rebound.
2:37 of 1st period - Jonathan Marchessault wins face-off versus Matthew Highmore in Sewer Rats zone.
2:39 of 1st period - Minor Penalty to Ryan Murphy for Slashing.
2:40 of 1st period - Vincent Trocheck wins face-off versus Lawson Crouse in Sewer Rats zone.
2:52 of 1st period - Slapshot by Michael Stone.
2:52 of 1st period - Deflect By Stefan Elliott.
2:52 of 1st period - Goal by Michael Stone - Sewer Rats : 0 - Rampage : 1.
2:53 of 1st period - Vincent Trocheck wins face-off versus Alexandre Grenier in neutral zone.
3:18 of 1st period - Kyle Rau is hit by Jarred Tinordi and loses puck.
4:08 of 1st period - Icing by Mark Mancari.
4:09 of 1st period - Kyle Rau wins face-off versus Vincent Trocheck in Sewer Rats zone.
4:38 of 1st period - Snap shot by Jonathan Marchessault.
4:38 of 1st period - Stopped by Ebbe Siönäs with a rebound.
4:40 of 1st period - Snap shot by Jonathan Marchessault.
4:40 of 1st period - Deflect By Joseph Blandisi.
4:40 of 1st period - Shot Misses the Net.
4:40 of 1st period - Puck is out of play.
4:41 of 1st period - Martin Hanzal wins face-off versus Jonathan Marchessault in Rampage zone.
5:11 of 1st period - Slapshot by Damon Severson.
5:11 of 1st period - Shot Misses the Net.
5:13 of 1st period - Wrist shot by Jeffrey Foss.
5:13 of 1st period - Shot Blocked by Thomas Chabot.
5:15 of 1st period - Slapshot by Damon Severson.
5:15 of 1st period - Stopped by Marek Mazanek with a rebound.
5:58 of 1st period - Joseph Blandisi is hit by Jeffrey Foss and loses puck.
6:07 of 1st period - Slapshot by Martin Hanzal.
6:07 of 1st period - Shot Misses the Net.
6:09 of 1st period - Snap shot by Martin Hanzal.
6:09 of 1st period - Stopped by Marek Mazanek with a rebound.
6:11 of 1st period - Snap shot by Martin Hanzal.
6:11 of 1st period - Shot Misses the Net.
6:25 of 1st period - Snap shot by Max Friberg.
6:25 of 1st period - Stopped by Marek Mazanek without a rebound.
6:26 of 1st period - Kyle Rau wins face-off versus Vincent Trocheck in Sewer Rats zone.
8:06 of 1st period - Wrist shot by Nick Cousins.
8:06 of 1st period - Shot Misses the Net.
8:15 of 1st period - Off-side.
8:16 of 1st period - Zach Aston-Reese wins face-off versus Sebastian Aho in neutral zone.
8:47 of 1st period - Wrist shot by Alexandre Grenier.
8:47 of 1st period - Shot Misses the Net.
8:49 of 1st period - Snap shot by Lawson Crouse.
8:49 of 1st period - Deflect By Martin Hanzal.
8:49 of 1st period - Stopped by Marek Mazanek without a rebound.
8:50 of 1st period - Martin Hanzal wins face-off versus Vincent Trocheck in Sewer Rats zone.
8:51 of 1st period - Slapshot by Alexandre Grenier.
8:51 of 1st period - Stopped by Marek Mazanek with a rebound.
8:53 of 1st period - Slapshot by Jamie Oleksiak.
8:53 of 1st period - Stopped by Marek Mazanek with a rebound.
8:55 of 1st period - Slapshot by Alexandre Grenier.
8:55 of 1st period - Shot Misses the Net.
8:57 of 1st period - Snap shot by Alexandre Grenier.
8:57 of 1st period - Goal by Alexandre Grenier - Sewer Rats : 0 - Rampage : 2.
8:58 of 1st period - Martin Hanzal wins face-off versus Mark Mancari in neutral zone.
9:23 of 1st period - Michael Stone is hit by Thomas Chabot and loses puck.
9:31 of 1st period - Minor Penalty to Stefan Elliott for Hooking.
9:32 of 1st period - Martin Hanzal wins face-off versus Vincent Trocheck in Sewer Rats zone.
10:42 of 1st period - Jarred Tinordi is hit by Michael Stone and loses puck.
11:31 of 1st period - Penalty to Stefan Elliott is over, Stefan Elliott is back on ice.
11:40 of 1st period - Snap shot by Anthony Duclair.
11:40 of 1st period - Stopped by Ebbe Siönäs with a rebound.
11:44 of 1st period - Snap shot by Drake Caggiula.
11:44 of 1st period - Shot Blocked by Damon Severson.
11:46 of 1st period - Snap shot by Stefan Elliott.
11:46 of 1st period - Stopped by Ebbe Siönäs with a rebound.
11:56 of 1st period - Snap shot by Sebastian Aho.
11:56 of 1st period - Shot Misses the Net.
12:06 of 1st period - Snap shot by Thomas Spelling.
12:06 of 1st period - Stopped by Marek Mazanek with a rebound.
14:04 of 1st period - Michael Stone is hit by Mark Mancari and loses puck.
14:23 of 1st period - Snap shot by Anthony Duclair.
14:23 of 1st period - Shot Blocked by Alexandre Grenier.
14:31 of 1st period - Wrist shot by Alexandre Grenier.
14:31 of 1st period - Stopped by Marek Mazanek with a rebound.
14:47 of 1st period - John Ramage is hit by Victor Olofsson and loses puck.
14:57 of 1st period - Icing by Victor Olofsson.
14:58 of 1st period - Matthew Highmore wins face-off versus Vincent Trocheck in Rampage zone.
15:03 of 1st period - Joel Edmundson is hit by Sebastian Aho and loses puck.
15:24 of 1st period - Stefan Elliott is hit by Alexandre Grenier and loses puck.
15:29 of 1st period - Wrist shot by Alexandre Grenier.
15:29 of 1st period - Stopped by Marek Mazanek with a rebound.
15:35 of 1st period - Anthony Duclair is hit by Jamie Oleksiak and loses puck.
15:55 of 1st period - Nick Cousins is hit by Max Friberg and loses puck.
17:33 of 1st period - Drake Caggiula is hit by Eric Robinson and loses puck.
18:14 of 1st period - Icing by Connor Carrick.
18:15 of 1st period - Zach Aston-Reese wins face-off versus Martin Hanzal in Sewer Rats zone.
18:15 of 1st period - Zach Aston-Reese is hit by Martin Hanzal.
18:36 of 1st period - Wrist shot by Jamie Oleksiak.
18:36 of 1st period - Shot Blocked by Ryan Murphy.
18:46 of 1st period - Minor Penalty to Jamie Oleksiak for Hooking.
18:47 of 1st period - Martin Hanzal wins face-off versus Vincent Trocheck in Rampage zone.
19:14 of 1st period - Jakub Zboril is hit by Joseph Blandisi and loses puck.
19:19 of 1st period - Snap shot by Jonathan Marchessault.
19:19 of 1st period - Shot Misses the Net.
19:36 of 1st period - Icing by Vincent Trocheck.
19:37 of 1st period - Victor Olofsson wins face-off versus Vincent Trocheck in Sewer Rats zone.
19:40 of 1st period - Slapshot by Michael Stone.
19:40 of 1st period - Shot Misses the Net.
Goals for this period are 0 for Sewer Rats vs 2 for Rampage.
Shots for this period are 3 for Sewer Rats vs 12 for Rampage.
2nd period
0:01 of 2nd period - Mark Mancari wins face-off versus Martin Hanzal in neutral zone.
0:05 of 2nd period - Minor Penalty to Daniel Carr for Interference.
0:06 of 2nd period - Martin Hanzal wins face-off versus Vincent Trocheck in Sewer Rats zone.
0:46 of 2nd period - Penalty to Jamie Oleksiak is over, Jamie Oleksiak is back on ice.
2:05 of 2nd period - Penalty to Daniel Carr is over, Daniel Carr is back on ice.
2:16 of 2nd period - Slapshot by Jeffrey Foss.
2:16 of 2nd period - Deflect By Joseph Blandisi.
2:16 of 2nd period - Stopped by Marek Mazanek with a rebound.
2:22 of 2nd period - Slapshot by Victor Olofsson.
2:22 of 2nd period - Shot Blocked by Daniel Carr.
2:24 of 2nd period - Slapshot by Damon Severson.
2:24 of 2nd period - Stopped by Marek Mazanek without a rebound.
2:25 of 2nd period - Sebastian Aho wins face-off versus Drake Caggiula in Sewer Rats zone.
2:26 of 2nd period - Snap shot by Thomas Spelling.
2:26 of 2nd period - Stopped by Marek Mazanek with a rebound.
2:28 of 2nd period - Slapshot by Jamie Oleksiak.
2:28 of 2nd period - Shot Blocked by Anthony Duclair.
2:30 of 2nd period - Snap shot by Anton Karlsson.
2:30 of 2nd period - Shot Misses the Net.
2:40 of 2nd period - Wrist shot by Thomas Spelling.
2:40 of 2nd period - Stopped by Marek Mazanek with a rebound.
2:56 of 2nd period - Icing by Anton Lindholm.
2:57 of 2nd period - Vincent Trocheck wins face-off versus Matthew Highmore in Rampage zone.
3:20 of 2nd period - Vincent Trocheck is hit by Jamie Oleksiak and loses puck.
3:27 of 2nd period - Wrist shot by Victor Olofsson.
3:27 of 2nd period - Stopped by Marek Mazanek without a rebound.
3:28 of 2nd period - Martin Hanzal wins face-off versus Jonathan Marchessault in Sewer Rats zone.
3:59 of 2nd period - Snap shot by Max Friberg.
3:59 of 2nd period - Stopped by Marek Mazanek without a rebound.
4:00 of 2nd period - Kyle Rau wins face-off versus Vincent Trocheck in Sewer Rats zone.
4:03 of 2nd period - Wrist shot by Max Friberg.
4:03 of 2nd period - Shot Misses the Net.
4:09 of 2nd period - Slapshot by Thomas Chabot.
4:09 of 2nd period - Shot Misses the Net.
4:11 of 2nd period - Snap shot by Vincent Trocheck.
4:11 of 2nd period - Stopped by Ebbe Siönäs with a rebound.
4:13 of 2nd period - Slapshot by Daniel Carr.
4:13 of 2nd period - Shot Blocked by Eric Robinson.
4:15 of 2nd period - Snap shot by Vincent Trocheck.
4:15 of 2nd period - Shot Hit the Post.
4:27 of 2nd period - Backhand shot by Jonathan Marchessault.
4:27 of 2nd period - Stopped by Ebbe Siönäs without a rebound.
4:28 of 2nd period - Martin Hanzal wins face-off versus Jonathan Marchessault in Rampage zone.
4:28 of 2nd period - Martin Hanzal is hit by Jonathan Marchessault.
4:50 of 2nd period - Snap shot by Martin Hanzal.
4:50 of 2nd period - Shot Blocked by Stefan Elliott.
4:52 of 2nd period - Snap shot by Alexandre Grenier.
4:52 of 2nd period - Shot Misses the Net.
4:54 of 2nd period - Backhand shot by Alexandre Grenier.
4:54 of 2nd period - Shot Blocked by Joseph Blandisi.
4:56 of 2nd period - Wrist shot by Alexandre Grenier.
4:56 of 2nd period - Shot Blocked by Joel Edmundson.
4:58 of 2nd period - Wrist shot by Lawson Crouse.
4:58 of 2nd period - Goal by Lawson Crouse - Sewer Rats : 0 - Rampage : 3.
4:59 of 2nd period - Vincent Trocheck wins face-off versus Martin Hanzal in neutral zone.
4:59 of 2nd period - Mark Mancari is hit by Martin Hanzal and loses puck.
5:06 of 2nd period - Backhand shot by Daniel Carr.
5:06 of 2nd period - Shot Misses the Net.
5:08 of 2nd period - Wrist shot by Vincent Trocheck.
5:08 of 2nd period - Stopped by Ebbe Siönäs without a rebound.
5:09 of 2nd period - Vincent Trocheck wins face-off versus Alexandre Grenier in Rampage zone.
5:09 of 2nd period - Vincent Trocheck is hit by Michael Stone.
5:14 of 2nd period - Minor Penalty to Martin Hanzal for Tripping.
5:15 of 2nd period - Victor Olofsson wins face-off versus Vincent Trocheck in Rampage zone.
5:15 of 2nd period - Victor Olofsson is hit by Vincent Trocheck.
5:47 of 2nd period - Snap shot by Daniel Carr.
5:47 of 2nd period - Stopped by Ebbe Siönäs with a rebound.
5:49 of 2nd period - Snap shot by Vincent Trocheck.
5:49 of 2nd period - Goal by Vincent Trocheck - Sewer Rats : 1 - Rampage : 3.
5:50 of 2nd period - Kyle Rau wins face-off versus Jonathan Marchessault in neutral zone.
6:16 of 2nd period - Martin Hanzal is hit by Vincent Trocheck and loses puck.
6:35 of 2nd period - Sebastian Aho is hit by Anthony Duclair and loses puck.
6:42 of 2nd period - Wrist shot by Anthony Duclair.
6:42 of 2nd period - Shot Misses the Net.
6:44 of 2nd period - Slapshot by Anthony Duclair.
6:44 of 2nd period - Shot Blocked by Sebastian Aho.
6:48 of 2nd period - Slapshot by Anthony Duclair.
6:48 of 2nd period - Stopped by Ebbe Siönäs with a rebound.
8:17 of 2nd period - Slapshot by Jamie Oleksiak.
8:17 of 2nd period - Stopped by Marek Mazanek with a rebound.
8:19 of 2nd period - Wrist shot by Eric Robinson.
8:19 of 2nd period - Stopped by Marek Mazanek without a rebound.
8:20 of 2nd period - Alexandre Grenier wins face-off versus Drake Caggiula in Sewer Rats zone.
8:23 of 2nd period - Wrist shot by Alexandre Grenier.
8:23 of 2nd period - Shot Misses the Net.
8:25 of 2nd period - Snap shot by Lawson Crouse.
8:25 of 2nd period - Goal by Lawson Crouse - Sewer Rats : 1 - Rampage : 4.
8:26 of 2nd period - Vincent Trocheck wins face-off versus Martin Hanzal in neutral zone.
8:35 of 2nd period - Snap shot by Mark Mancari.
8:35 of 2nd period - Deflect By Lawson Crouse.
8:35 of 2nd period - Stopped by Ebbe Siönäs with a rebound.
8:37 of 2nd period - Slapshot by Joel Edmundson.
8:37 of 2nd period - Stopped by Ebbe Siönäs with a rebound.
8:51 of 2nd period - Jamie Oleksiak is hit by Joel Edmundson and loses puck.
8:56 of 2nd period - Wrist shot by Dmitrij Jaskin.
8:56 of 2nd period - Deflect By Anthony Duclair.
8:56 of 2nd period - Stopped by Ebbe Siönäs with a rebound.
9:04 of 2nd period - Wrist shot by Dmitrij Jaskin.
9:04 of 2nd period - Shot Misses the Net.
9:33 of 2nd period - Wrist shot by Max Friberg.
9:33 of 2nd period - Shot Misses the Net.
9:39 of 2nd period - Wrist shot by Mark Mancari.
9:39 of 2nd period - Stopped by Ebbe Siönäs with a rebound.
9:41 of 2nd period - Wrist shot by Vincent Trocheck.
9:41 of 2nd period - Deflect By Jamie Oleksiak.
9:41 of 2nd period - Shot Blocked by Michael Stone.
9:41 of 2nd period - Puck is out of play.
9:42 of 2nd period - Kyle Rau wins face-off versus Jonathan Marchessault in Rampage zone.
9:44 of 2nd period - Minor Penalty to Eric Robinson for Roughing.
9:45 of 2nd period - Martin Hanzal wins face-off versus Vincent Trocheck in Rampage zone.
10:17 of 2nd period - Alexandre Grenier is hit by Joel Edmundson and loses puck.
11:44 of 2nd period - Penalty to Eric Robinson is over, Eric Robinson is back on ice.
11:52 of 2nd period - Slapshot by Jamie Oleksiak.
11:52 of 2nd period - Stopped by Marek Mazanek without a rebound.
11:53 of 2nd period - Sebastian Aho wins face-off versus Drake Caggiula in Sewer Rats zone.
12:00 of 2nd period - Wrist shot by Sebastian Aho.
12:00 of 2nd period - Shot Misses the Net.
13:25 of 2nd period - Sebastian Aho is hit by Anthony Duclair and loses puck.
13:44 of 2nd period - Snap shot by Alexandre Grenier.
13:44 of 2nd period - Shot Hit the Post.
13:52 of 2nd period - Wrist shot by Martin Hanzal.
13:52 of 2nd period - Shot Blocked by Joel Edmundson.
14:42 of 2nd period - Icing by Alexandre Grenier.
14:43 of 2nd period - Martin Hanzal wins face-off versus Nick Cousins in Rampage zone.
14:52 of 2nd period - Snap shot by Alexandre Grenier.
14:52 of 2nd period - Stopped by Marek Mazanek without a rebound.
14:53 of 2nd period - Martin Hanzal wins face-off versus Vincent Trocheck in Sewer Rats zone.
15:54 of 2nd period - Wrist shot by Mark Mancari.
15:54 of 2nd period - Stopped by Ebbe Siönäs with a rebound.
15:56 of 2nd period - Slapshot by Thomas Chabot.
15:56 of 2nd period - Stopped by Ebbe Siönäs with a rebound.
15:58 of 2nd period - Wrist shot by Daniel Carr.
15:58 of 2nd period - Stopped by Ebbe Siönäs with a rebound.
16:00 of 2nd period - Snap shot by Mark Mancari.
16:00 of 2nd period - Shot Blocked by Michael Stone.
16:06 of 2nd period - Snap shot by Daniel Carr.
16:06 of 2nd period - Goal by Daniel Carr - Sewer Rats : 2 - Rampage : 4.
16:07 of 2nd period - Vincent Trocheck wins face-off versus Lawson Crouse in neutral zone.
16:10 of 2nd period - Lawson Crouse is hit by Daniel Carr and loses puck.
16:23 of 2nd period - Wrist shot by Vincent Trocheck.
16:23 of 2nd period - Stopped by Ebbe Siönäs with a rebound.
16:56 of 2nd period - Snap shot by Sebastian Aho.
16:56 of 2nd period - Deflect By Anton Karlsson.
16:56 of 2nd period - Stopped by Marek Mazanek without a rebound.
16:57 of 2nd period - Vincent Trocheck wins face-off versus Sebastian Aho in Sewer Rats zone.
16:57 of 2nd period - Vincent Trocheck is hit by Anton Lindholm.
17:52 of 2nd period - Wrist shot by Max Friberg.
17:52 of 2nd period - Deflect By Dmitrij Jaskin.
17:52 of 2nd period - Stopped by Marek Mazanek with a rebound.
18:25 of 2nd period - Wrist shot by Jonathan Marchessault.
18:25 of 2nd period - Stopped by Ebbe Siönäs without a rebound.
18:26 of 2nd period - Jonathan Marchessault wins face-off versus Sebastian Aho in Rampage zone.
18:37 of 2nd period - Snap shot by Thomas Spelling.
18:37 of 2nd period - Stopped by Marek Mazanek with a rebound.
19:03 of 2nd period - Snap shot by Kyle Rau.
19:03 of 2nd period - Stopped by Marek Mazanek without a rebound.
19:04 of 2nd period - Martin Hanzal wins face-off versus Vincent Trocheck in Sewer Rats zone.
19:18 of 2nd period - Minor Penalty to Mark Mancari for Roughing.
19:19 of 2nd period - Vincent Trocheck wins face-off versus Martin Hanzal in Sewer Rats zone.
19:19 of 2nd period - Vincent Trocheck is hit by Martin Hanzal.
19:24 of 2nd period - Snap shot by Martin Hanzal.
19:24 of 2nd period - Stopped by Marek Mazanek without a rebound.
19:25 of 2nd period - Martin Hanzal wins face-off versus Vincent Trocheck in Sewer Rats zone.
19:28 of 2nd period - Backhand shot by Martin Hanzal.
19:28 of 2nd period - Deflect By Lawson Crouse.
19:28 of 2nd period - Goal by Lawson Crouse - Sewer Rats : 2 - Rampage : 5.
19:29 of 2nd period - Vincent Trocheck wins face-off versus Lawson Crouse in neutral zone.
19:29 of 2nd period - Stefan Elliott is hit by Martin Hanzal and loses puck.
19:38 of 2nd period - Wrist shot by Vincent Trocheck.
19:38 of 2nd period - Stopped by Ebbe Siönäs without a rebound.
19:39 of 2nd period - Martin Hanzal wins face-off versus Vincent Trocheck in Rampage zone.
Goals for this period are 2 for Sewer Rats vs 3 for Rampage.
Shots for this period are 17 for Sewer Rats vs 18 for Rampage.
3rd period
0:01 of 3rd period - Martin Hanzal wins face-off versus Vincent Trocheck in neutral zone.
0:06 of 3rd period - Wrist shot by Vincent Trocheck.
0:06 of 3rd period - Stopped by Ebbe Siönäs with a rebound.
0:10 of 3rd period - Snap shot by Vincent Trocheck.
0:10 of 3rd period - Stopped by Ebbe Siönäs with a rebound.
0:12 of 3rd period - Wrist shot by Mark Mancari.
0:12 of 3rd period - Stopped by Ebbe Siönäs without a rebound.
0:13 of 3rd period - Vincent Trocheck wins face-off versus Martin Hanzal in Rampage zone.
0:38 of 3rd period - Max Friberg is hit by Joseph Blandisi and loses puck.
1:39 of 3rd period - Slapshot by Jonathan Marchessault.
1:39 of 3rd period - Shot Misses the Net.
1:41 of 3rd period - Slapshot by Jonathan Marchessault.
1:41 of 3rd period - Shot Misses the Net.
2:03 of 3rd period - Slapshot by Kyle Rau.
2:03 of 3rd period - Stopped by Marek Mazanek with a rebound.
2:05 of 3rd period - Snap shot by Jakub Zboril.
2:05 of 3rd period - Deflect By Max Friberg.
2:05 of 3rd period - Stopped by Marek Mazanek with a rebound.
2:07 of 3rd period - Slapshot by Kyle Rau.
2:07 of 3rd period - Goal by Kyle Rau - Sewer Rats : 2 - Rampage : 6.
2:08 of 3rd period - Martin Hanzal wins face-off versus Vincent Trocheck in neutral zone.
2:19 of 3rd period - Backhand shot by Martin Hanzal.
2:19 of 3rd period - Shot Blocked by Stefan Elliott.
2:21 of 3rd period - Slapshot by Michael Stone.
2:21 of 3rd period - Shot Misses the Net.
2:23 of 3rd period - Slapshot by Jamie Oleksiak.
2:23 of 3rd period - Deflect By Stefan Elliott.
2:23 of 3rd period - Stopped by Marek Mazanek without a rebound.
2:24 of 3rd period - Kyle Rau wins face-off versus Jonathan Marchessault in Sewer Rats zone.
2:37 of 3rd period - Wrist shot by Kyle Rau.
2:37 of 3rd period - Shot Blocked by Joseph Blandisi.
2:39 of 3rd period - Snap shot by Max Friberg.
2:39 of 3rd period - Goal by Max Friberg - Sewer Rats : 2 - Rampage : 7.
2:40 of 3rd period - Alexandre Grenier wins face-off versus Vincent Trocheck in neutral zone.
2:51 of 3rd period - Snap shot by Martin Hanzal.
2:51 of 3rd period - Shot Blocked by Daniel Carr.
3:07 of 3rd period - Nick Cousins is hit by Max Friberg and loses puck.
3:30 of 3rd period - Wrist shot by Thomas Chabot.
3:30 of 3rd period - Stopped by Ebbe Siönäs without a rebound.
3:31 of 3rd period - Vincent Trocheck wins face-off versus Martin Hanzal in Rampage zone.
3:44 of 3rd period - Snap shot by Mark Mancari.
3:44 of 3rd period - Deflect By Daniel Carr.
3:44 of 3rd period - Stopped by Ebbe Siönäs without a rebound.
3:45 of 3rd period - Kyle Rau wins face-off versus Vincent Trocheck in Rampage zone.
3:45 of 3rd period - Kyle Rau is hit by Vincent Trocheck.
3:54 of 3rd period - Minor Penalty to Mark Mancari for Hooking.
3:55 of 3rd period - Martin Hanzal wins face-off versus Vincent Trocheck in Sewer Rats zone.
3:59 of 3rd period - Snap shot by Martin Hanzal.
3:59 of 3rd period - Stopped by Marek Mazanek without a rebound.
4:00 of 3rd period - Martin Hanzal wins face-off versus Vincent Trocheck in Sewer Rats zone.
5:54 of 3rd period - Penalty to Mark Mancari is over, Mark Mancari is back on ice.
7:01 of 3rd period - Anton Lindholm is hit by Dmitrij Jaskin and loses puck.
7:06 of 3rd period - Backhand shot by Anthony Duclair.
7:06 of 3rd period - Shot Misses the Net.
7:08 of 3rd period - Slapshot by Dmitrij Jaskin.
7:08 of 3rd period - Goal by Dmitrij Jaskin - Sewer Rats : 3 - Rampage : 7.
7:09 of 3rd period - Martin Hanzal wins face-off versus Jonathan Marchessault in neutral zone.
7:11 of 3rd period - Minor Penalty to Martin Hanzal for Holding.
7:12 of 3rd period - Vincent Trocheck wins face-off versus Victor Olofsson in Rampage zone.
7:12 of 3rd period - Snap shot by Daniel Carr.
7:12 of 3rd period - Shot Blocked by Jeffrey Foss.
9:11 of 3rd period - Penalty to Martin Hanzal is over, Martin Hanzal is back on ice.
9:20 of 3rd period - Snap shot by Dmitrij Jaskin.
9:20 of 3rd period - Stopped by Ebbe Siönäs with a rebound.
9:28 of 3rd period - Snap shot by Alexandre Grenier.
9:28 of 3rd period - Shot Misses the Net.
9:30 of 3rd period - Slapshot by Damon Severson.
9:30 of 3rd period - Stopped by Marek Mazanek without a rebound.
9:31 of 3rd period - Max Friberg wins face-off versus Drake Caggiula in Sewer Rats zone.
10:08 of 3rd period - Off-side.
10:09 of 3rd period - Kyle Rau wins face-off versus Jonathan Marchessault in neutral zone.
10:35 of 3rd period - Damon Severson is hit by Vincent Trocheck and loses puck.
10:40 of 3rd period - Slapshot by Mark Mancari.
10:40 of 3rd period - Deflect By Vincent Trocheck.
10:40 of 3rd period - Stopped by Ebbe Siönäs with a rebound.
10:48 of 3rd period - Vincent Trocheck is hit by Martin Hanzal and loses puck.
10:56 of 3rd period - Drake Caggiula beats up Michael Stone.
10:56 of 3rd period - Penalty to Michael Stone for Fighting.
10:56 of 3rd period - Penalty to Drake Caggiula for Fighting.
10:57 of 3rd period - Vincent Trocheck wins face-off versus Martin Hanzal in Sewer Rats zone.
10:57 of 3rd period - Vincent Trocheck is hit by Martin Hanzal.
11:42 of 3rd period - Sebastian Aho is hit by John Ramage and loses puck.
12:08 of 3rd period - Minor Penalty to Fredrik Olofsson for Interference.
12:09 of 3rd period - Vincent Trocheck wins face-off versus Martin Hanzal in Rampage zone.
12:17 of 3rd period - Slapshot by Stefan Elliott.
12:17 of 3rd period - Shot Misses the Net.
12:19 of 3rd period - Slapshot by Mark Mancari.
12:19 of 3rd period - Deflect By Vincent Trocheck.
12:19 of 3rd period - Shot Misses the Net.
12:19 of 3rd period - Puck is out of play.
12:20 of 3rd period - Vincent Trocheck wins face-off versus Martin Hanzal in Rampage zone.
14:08 of 3rd period - Penalty to Fredrik Olofsson is over, Fredrik Olofsson is back on ice.
14:20 of 3rd period - Wrist shot by Alexandre Grenier.
14:20 of 3rd period - Stopped by Marek Mazanek with a rebound.
14:56 of 3rd period - Off-side.
14:57 of 3rd period - Kyle Rau wins face-off versus Jonathan Marchessault in neutral zone.
15:24 of 3rd period - Daniel Carr is hit by Anton Lindholm.
15:40 of 3rd period - Anton Karlsson is hit by Mark Mancari.
17:10 of 3rd period - Dmitrij Jaskin is hit by Fredrik Olofsson and loses puck.
18:07 of 3rd period - Icing by Fredrik Olofsson.
18:08 of 3rd period - Matthew Highmore wins face-off versus Drake Caggiula in Rampage zone.
18:08 of 3rd period - Matthew Highmore is hit by Anthony Duclair.
18:13 of 3rd period - Off-side.
18:14 of 3rd period - Vincent Trocheck wins face-off versus Martin Hanzal in neutral zone.
18:24 of 3rd period - Snap shot by Alexandre Grenier.
18:24 of 3rd period - Shot Misses the Net.
18:42 of 3rd period - Icing by Connor Carrick.
18:43 of 3rd period - Jonathan Marchessault wins face-off versus Kyle Rau in Sewer Rats zone.
18:56 of 3rd period - Snap shot by Nick Cousins.
18:56 of 3rd period - Shot Misses the Net.
18:58 of 3rd period - Snap shot by Nick Cousins.
18:58 of 3rd period - Stopped by Ebbe Siönäs with a rebound.
19:00 of 3rd period - Slapshot by Joseph Blandisi.
19:00 of 3rd period - Stopped by Ebbe Siönäs with a rebound.
19:02 of 3rd period - Slapshot by Stefan Elliott.
19:02 of 3rd period - Shot Blocked by Jakub Zboril.
19:04 of 3rd period - Slapshot by Joel Edmundson.
19:04 of 3rd period - Stopped by Ebbe Siönäs with a rebound.
19:06 of 3rd period - Wrist shot by Jonathan Marchessault.
19:06 of 3rd period - Shot Blocked by Kyle Rau.
19:31 of 3rd period - Off-side.
19:32 of 3rd period - Martin Hanzal wins face-off versus Vincent Trocheck in neutral zone.
19:35 of 3rd period - Jarred Tinordi is hit by Martin Hanzal and loses puck.
19:41 of 3rd period - Minor Penalty to Mark Mancari for Roughing.
19:42 of 3rd period - Lawson Crouse wins face-off versus Vincent Trocheck in Sewer Rats zone.
Goals for this period are 1 for Sewer Rats vs 2 for Rampage.
Shots for this period are 11 for Sewer Rats vs 8 for Rampage.